 Dungeon Sprint DCSS version 0.22-a0-425-g89d60a1 (webtiles) character file.

21 raistware the Magician (level 2, -6/15 HPs)
             Began as a Deep Elf Wizard on May 24, 2018.
             Mangled by a scorpion (7 damage)
             ... in the Dungeon (Sprint IX: "|||||||||||||||||||||||||||||").
             The game lasted 00:01:05 (111 turns).

raistware the Magician (Deep Elf Wizard)             Turns: 111, Time: 00:01:05

Health: -6/15      AC:  2    Str:  4    XL:     2   Next: 65%
Magic:  4/11       EV: 13    Int: 22    God:
Gold:   0          SH:  0    Dex: 13    Spells: 8/13 levels left

rFire    . . .     SeeInvis .   c - +1 short sword (venom)
rCold    . . .     Gourm    .   (no shield)
rNeg     . . .     Faith    .   a - +0 robe
rPois    .         Spirit   .   b - +0 hat
rElec    .         Reflect  .   (no cloak)
rCorr    .         Harm     .   (no gloves)
MR       .....     NoTele   +   (no boots)
Stlth    ++........             (no amulet)
HPRegen  0.05/turn              (no ring)
MPRegen  0.12/turn              (no ring)

@: no status effects
A: no striking features
a: no special abilities


You were in the Dungeon.
You were not hungry.

You visited 1 branch

Inventory:

Hand Weapons
 c - a +1 short sword of venom (weapon)
Armour
 a - a +0 robe (worn)
 b - a +0 hat (worn)
Scrolls
 j - a scroll of blinking
Potions
 f - a potion of heal wounds
 g - a potion of haste
 h - 2 potions of magic
Comestibles
 d - a ration
 i - a chunk of flesh


   Skills:
 - Level 2.4 Dodging
 - Level 2.4 Stealth
 + Level 6.0 Spellcasting
 * Level 4.9 Conjurations
 - Level 1.1 Summonings
 - Level 1.1 Translocations


You had 8 spell levels left.
You knew the following spells:

 Your Spells              Type           Power        Failure   Level  Hunger
a - Magic Dart            Conj           ####         1%          1    None
b - Blink                 Tloc           N/A          9%          2    None
c - Call Imp              Summ           ##......     9%          2    None

Your spell library contained the following spells:

 Spells                   Type           Power        Failure   Level  Hunger
 Conjure Flame            Conj/Fire      ###.....     10%         3    #......
 Slow                     Hex            #.......     14%         2    None
 Mephitic Cloud           Conj/Pois/Air  ##......     14%         3    #......


Dungeon Overview and Level Annotations

Branches:
Dungeon (1/1)

Altars:


Message History

Your Spellcasting skill increases to level 6!
The bat skeleton hits you.
The bat skeleton hits you but does no damage.
Casting: Magic Dart (safe; 1% risk of failure)
Confirm with . or Enter, or press ? or * to list all spells.
Aiming: Magic Dart (safe; 1% risk of failure)
Press: ? - help, Shift-Dir - straight line, f - bat skeleton
Aim: a bat skeleton The magic dart hits the bat skeleton.
You destroy the bat skeleton!
Casting: Magic Dart (safe; 1% risk of failure)
Confirm with . or Enter, or press ? or * to list all spells.
Aiming: Magic Dart (safe; 1% risk of failure)
Press: ? - help, Shift-Dir - straight line, f - scorpion
Aim: a scorpion The magic dart hits the scorpion.
The scorpion stings you!
Ouch! That really hurt!
* * * LOW HITPOINT WARNING * * *
You closely miss the scorpion. The scorpion stings you!
You die... ▓▓▓▓▓▓▓▓▓▓▓▓▓▓▓▓▓▓ +.....s@....)..(<▓ ▓▓▓▓▓▓▓▓▓▓▓▓▓▓▓▓▓▓

You could see a scorpion.

Vanquished Creatures
  A shadow imp (D)
  2 dart slugs (D)
  An orc (D)
  A bat skeleton (D)
  A bat zombie (D)
  3 kobolds (D)
9 creatures vanquished.

Notes
Turn   | Place    | Note
-------+----------+-------------------------------------------
     0 | D        | raistware the Deep Elf Wizard began the quest for the Orb.
     0 | D        | Reached XP level 1. HP: 10/10 MP: 7/7
    16 | D        | Reached skill level 5 in Spellcasting
    33 | D        | Reached XP level 2. HP: 15/15 MP: 1/10
    69 | D        | Learned a level 2 spell: Blink
    72 | D        | Learned a level 2 spell: Call Imp
    98 | D        | Noticed a scorpion
   108 | D        | Reached skill level 6 in Spellcasting
   111 | D        | Mangled by a scorpion

Vault maps used:
D:        linesprint

Skill      XL: |  1  2 |
---------------+-------+-----
Conjurations   | 3 4 |  4.9
Spellcasting   | 5 6 |  6.0
Dodging        | |  2.4
Stealth        | |  2.4
Summonings     | |  1.1
Translocations | |  1.1

Action                   || total
-------------------------++-------
Melee: Unarmed           ||    13
       Short sword       ||     7
 Cast: Magic Dart        ||    14
  Use: Potion            ||     2
Armor: Robe              ||     7
Dodge: Dodged            ||    19

Table legend:
 A = Spawn XP
 B = Non-spawn XP
 C = Spawn XP percentage of total XP
 D = Spawn monster count
 E = Non-spawn monster count
 F = Spawn count percentage of total count
 G = Total turns spent on level
                    A         B        C        D         E        F      G
               +---------+---------+-------+---------+---------+-------+---------
         Total |       0 |      31 |   0.0 |       0 |       9 |   0.0 |   111
               +---------+---------+-------+---------+---------+-------+---------
             D |       0 |      31 |   0.0 |       0 |       9 |   0.0 |   111
               +---------+---------+-------+---------+---------+-------+---------
